 Dungeon Crawl Stone Soup version 0.22.1-2-g9c5b331 (webtiles) character file.

28 Matador8 the Grave Robber (level 3, 0/24 HPs)
             Began as a Human Necromancer on Dec 20, 2018.
             Succumbed to an adder's poison
             ... on level 2 of the Dungeon.
             The game lasted 00:05:04 (1038 turns).

Matador8 the Grave Robber (Human Necromancer)       Turns: 1038, Time: 00:05:05

Health: 0/24       AC:  2    Str: 14    XL:     3   Next: 27%
Magic:  2/6        EV: 12    Int: 15    God:
Gold:   33         SH:  0    Dex: 13    Spells: 4/6 levels left

rFire    . . .     SeeInvis .   e - +0 short sword
rCold    . . .     Gourm    .   (no shield)
rNeg     . . .     Faith    .   a - +0 robe
rPois    .         Spirit   .   (no helmet)
rElec    .         Reflect  .   (no cloak)
rCorr    .         Harm     .   (no gloves)
MR       .....                  (no boots)
Stlth    ++........             (no amulet)
HPRegen  0.08/turn              (no ring)
MPRegen  0.10/turn              (no ring)

@: mighty, lethally poisoned (0 -> -6)
A: no striking features
a: no special abilities


You were on level 2 of the Dungeon.
You were not hungry.

You visited 1 branch of the dungeon, and saw 2 of its levels.

You collected 33 gold pieces.

Inventory:

Hand Weapons
 e - a +0 short sword (weapon)
Armour
 a - a +0 robe (worn)
Jewellery
 i - a +2 ring of intelligence {unknown}
Scrolls
 d - 2 scrolls of enchant armour {unknown}
 j - a scroll of magic mapping {unknown}
 k - a scroll of fear {unknown}
 l - a scroll of identify {unknown}
Potions
 b - a potion of curing {unknown}
 g - a potion of might
 h - a potion of agility {unknown}
 m - a potion of invisibility {unknown}
Comestibles
 c - 4 rations
 f - a chunk of flesh


   Skills:
 - Level 2.0 Dodging
 + Level 2.6 Stealth
 - Level 2.0 Spellcasting
 * Level 4.7 Necromancy


You had 4 spell levels left.
You knew the following spells:

 Your Spells              Type           Power        Failure   Level  Hunger
a - Pain                  Necr           ###.         3%          1    #......
b - Animate Skeleton      Necr           N/A          3%          1    #......

Your spell library contained the following spells:

 Spells                   Type           Power        Failure   Level  Hunger
 Vampiric Draining        Necr           ###.......   10%         3    ###....
 Regeneration             Chrm/Necr      #.........   26%         3    ###....
 Animate Dead             Necr           N/A          32%         4    #####..


Dungeon Overview and Level Annotations

Branches:
Dungeon (2/15)

Altars:


Message History

* * * LOW HITPOINT WARNING * * *
You are lethally poisoned!
The adder poisons you! The goblin hits you with a club.
* * * LOW HITPOINT WARNING * * *
Casting: Pain (safe; 3% risk of failure)
Confirm with . or Enter, or press ? or * to list all spells.
Aiming: Pain (safe; 3% risk of failure)
Press: ? - help, Shift-Dir - straight line, f/p - adder
Aim: an adder (severely wounded, chance to defeat MR: 80%)
The adder writhes in agony!
You kill the adder!
You have reached level 3!
Your experience leads to an increase in your attributes!
Increase (S)trength, (I)ntelligence, or (D)exterity?
You feel stronger. The bat barely misses you. The goblin hits you with a club.
* * * LOW HITPOINT WARNING * * *
It was a potion of might.
You feel very mighty all of a sudden.
You die...

... #.# #### #.#
..# #.#
#.#####.#######
####.##..........#
#..............#
#S##b##.....#..#.##
#@###.#.........
#.....g.#
#.#.###.#.##
####.####
#.#.###.#.# #
#.........#
###.####### #.<...#
#.....# #.....#
#.....#


You could see a goblin and a bat.

Vanquished Creatures
  An adder (D:2)
  A dart slug (D:1)
  2 bats (D:1)
  A giant cockroach (D:1)
  3 goblins (D:1)
  A hobgoblin (D:1)
  A frilled lizard (D:1)
  3 kobolds (D:1)
  A rat (D:1)
14 creatures vanquished.

Vanquished Creatures (collateral kills)
  A goblin (D:1)
  2 hobgoblins (D:1)
3 creatures vanquished.

Grand Total: 17 creatures vanquished

Notes
Turn   | Place    | Note
-------+----------+-------------------------------------------
     0 | D:1      | Matador8 the Human Necromancer began the quest for the Orb.
     0 | D:1      | Reached XP level 1. HP: 13/13 MP: 3/3
     4 | D:1      | Learned a level 1 spell: Animate Skeleton
   492 | D:1      | Reached XP level 2. HP: 17/19 MP: 1/5
  1037 | D:2      | Reached XP level 3. HP: 3/24 MP: 2/6
  1037 | D:2      | HP: 1/24 [goblin/club (1)]
  1038 | D:2      | Succumbed to an adder's poison

Action                   || total
-------------------------++-------
Melee: Short sword       ||    29
       Unarmed           ||     1
 Cast: Pain              ||    13
       Animate Skeleton  ||     4
  Use: Potion            ||     1
 Stab: Sleeping          ||     3
       Distracted        ||     1
  Eat: Chunk             ||     1
Armor: Robe              ||     3
Dodge: Dodged            ||    31
